 Dungeon Crawl Stone Soup version 0.29.1-15-g9cfb28693d (webtiles) character file.

Game seed: 12049906489837244816

159 unlimited1921 the Magician (level 5, -10/35 HPs)
             Began as a Djinni Fire Elementalist on May 2, 2023.
             Killed from afar by Duvessa (18 damage)
             ... with a bolt of light
             ... on level 4 of the Dungeon.
             The game lasted 00:15:45 (7081 turns).

unlimited1921 the Magician (DjFE)                   Turns: 7081, Time: 00:15:50

Health: -10/35     AC:  6    Str:  7    XL:     5   Next: 68%
Gold:   40         EV: 12    Int: 18    God:
                   SH:  0    Dex: 17

rFire   + + +      SeeInvis .   (no weapon)
rCold   . . .      Faith    .   (no shield)
rNeg    . . .      Spirit   .   h - +0 leather armour
rPois   ∞          Reflect  .   c - +0 helmet
rElec   +          Harm     .   (no cloak)
rCorr   +          Rampage  .   v - +1 pair of gloves {Dex+3}
Will    .....                   (boots unavailable)
Stlth   ++........              (no amulet)
HPRegen 0.11/turn               (no ring)
MPRegen 0.00/turn               (no ring)

@: resistant, flying, hasted, very quick
A: sickness immunity, fire resistance 3, cold vulnerability 1, float, innate
caster, HP casting, extra vitality 1, deterioration 1
a: no special abilities


You were on level 4 of the Dungeon.
You visited 1 branch of the dungeon, and saw 4 of its levels.

You collected 271 gold pieces.
You spent 231 gold pieces at shops.

Inventory:

Hand Weapons
 k - a +1 dagger of flaming
 u - a +2 dagger of electrocution
 w - a +2 vorpal mace
Missiles
 f - 5 poisoned darts
 y - 6 boomerangs
Armour
 a - a +0 robe
 c - a +0 helmet (worn)
 d - a +2 ring mail of fire resistance
 h - a +0 leather armour (worn)
 v - a +1 pair of gloves of dexterity (worn)
Jewellery
 g - a ring of fire
Scrolls
 e - a scroll of fog
 i - 2 scrolls of amnesia {unknown}
 j - a scroll of poison {unknown}
 m - 3 scrolls of identify
 o - a scroll of fear {unknown}
 p - 2 scrolls of teleportation {unknown}
 q - a scroll of enchant weapon {unknown}
 t - a scroll of silence {unknown}
Potions
 b - 2 potions of mutation
 n - a potion of brilliance {unknown}
 r - a potion of attraction {unknown}
 x - a potion of flight {unknown}
 z - a potion of haste


   Skills:
 + Level 1.7 Armour
 + Level 2.3 Dodging
 + Level 2.2 Stealth
 + Level 4.0 Spellcasting


You couldn't memorise any spells.
You knew the following spells:

 Your Spells              Type           Power      Damage    Failure   Level
a - Foxfire               Conj/Fire      72%        2x1d7     4%          1
b - Scorch                Fire           36%        2d7       6%          2
c - Conjure Flame         Conj/Fire      18%        6-21      12%         3
d - Inner Flame           Hex/Fire       18%        N/A       12%         3
e - Flame Wave            Conj/Fire      18%        2d7       36%         4
f - Magic Dart            Conj           72%        1d6       4%          1
g - Blink                 Tloc           36%        N/A       6%          2
Your spell library was empty.

Dungeon Overview and Level Annotations

Branches:
Dungeon (4/15)
 Temple: D:4-7

Altars:
Dithmenos

Shops:
D:2 [   D:3 (

Annotations:
D:4 2 transporters, Dowan; Duvessa; Grunkalo's ghost, amateur HOWn; Sigmund


Innate Abilities, Weirdness & Mutations

You are immune to sickness and miasma.
You are immune to poison.
Your flesh is almost immune to the effects of heat. (rF+++)
You are vulnerable to cold. (rC-)
You float through the air rather than walking.
You learn spells naturally, not from books.
Your magical power is your life essence.
You have superior vitality. (+4 MHP)
Your body sometimes deteriorates upon taking damage.


Message History

The jackal bites you but does no damage.
Sorry, you're not good enough to have a special ability.
Unknown command.
It was a potion of curing.
You feel better.
The jackal bites you but does no damage.
Casting: Foxfire (safe; 4% risk of failure)
Confirm with . or Enter, or press ? or * to list all spells.
You conjure some foxfire!
The foxfire hits the jackal.
You kill the jackal!
Duvessa zaps a wand.
The bolt of light hits the jackal!
The jackal dies!
The bolt of light hits you!
* * * LOW HITPOINT WARNING * * *
The bolt of light hits your foxfire!
Your foxfire is blinded.
Your magical contamination has completely faded away.
Casting: Foxfire (safe; 4% risk of failure)
Confirm with . or Enter, or press ? or * to list all spells.
Okay, then.
You feel better. The jackal barely misses you.
As you read the scroll labelled NOAMMU CAMEO, it crumbles to dust.
It is a scroll of identify.
e - a scroll of fog The jackal misses you.
Duvessa says, "Practise, practise, practise!
One day you'll be as good as me."
It was a potion of haste.
You feel yourself speed up. The jackal bites you.
* * * LOW HITPOINT WARNING * * *
The jackal misses you.
Unknown command.
Casting: Foxfire (safe; 4% risk of failure)
Confirm with . or Enter, or press ? or * to list all spells.
Okay, then.
It was a potion of resistance.
You feel protected. The jackal completely misses you.
Duvessa zaps a wand.
The bolt of light hits the jackal!
The jackal dies!
The bolt of light hits you!!
Ouch! That really hurt!
You die...

### #............ #.##
#.########### .#.###. #.# ###>#..
#.# .#.##.# #.# #### #.###.#
###### ###### #... #.# #.# #...e#
##...## #.## #.# #.#
#.##†#####.....## #.#
#.###.######.##.@v.#.......# #.#
#.......h...h#######.#._.#.###.##
#####e######.# #..##.##..##...
#.# #.# #...###...##### #.#
##.#######........# #. #h#
#..........).....## #. #.#
#..#########).##.#####. #####.##
#..# ##............... ....e..#
#..## #...........<....


You could see Duvessa.

Vanquished Creatures
  An iguana (D:4)
  An orc wizard (D:4)
  3 adders
  2 worms
  3 dart slugs
  8 orcs (D:4)
  4 bats
  4 endoplasms
  2 giant cockroaches (D:3)
  5 goblins
  4 hobgoblins
  3 jackals
  A quokka (D:2)
  8 ball pythons
  3 frilled lizards
  3 kobolds
  5 rats
60 creatures vanquished.

Vanquished Creatures (others)
  2 jackals (D:4)
  234 foxfires
236 creatures vanquished.

Grand Total: 296 creatures vanquished

Notes
Turn   | Place    | Note
-------+----------+-------------------------------------------
     0 | D:1      | unlimited1921 the Djinni Fire Elementalist began the quest
                  | for the Orb.
     0 | D:1      | unlimited1921 set off with the following spells memorised:
                  | Foxfire, Scorch, Conjure Flame, Inner Flame, Flame Wave.
     0 | D:1      | Reached XP level 1. HP: 15/15 MP: 0/0
   246 | D:1      | Reached XP level 2. HP: 15/21 MP: 0/0
  1206 | D:1      | Reached skill level 3 in Spellcasting
  1569 | D:1      | Reached XP level 3. HP: 21/25 MP: 0/0
  1569 | D:1      | Learned a level 1 spell: Magic Dart
  2124 | D:3      | Found Teenno's Antique Weapon Shop.
  3302 | D:3      | Reached XP level 4. HP: 26/31 MP: 0/0
  4234 | D:2      | Found Maly's Armour Boutique.
  4633 | D:2      | Reached skill level 1 in Armour
  4787 | D:2      | Found a faded altar of an unknown god.
  5344 | D:2      | Bought a +1 pair of gloves of dexterity for 231 gold pieces
  5758 | D:4      | Reached XP level 5. HP: 24/35 MP: 0/0
  5758 | D:4      | Learned a level 2 spell: Blink
  6169 | D:4      | Found a transporter.
  6169 | D:4      | Noticed Grunkalo's ghost (amateur HOWn)
  6204 | D:4      | Reached skill level 4 in Spellcasting
  6749 | D:4      | Found a shadowy altar of Dithmenos.
  7024 | D:4      | Noticed Duvessa
  7024 | D:4      | Noticed Dowan
  7035 | D:4      | Found a transporter.
  7047 | D:4      | Noticed Sigmund
  7075 | D:4      | Gained mutation: Your body sometimes deteriorates upon
                  | taking damage. [potion of mutation]
  7075 | D:4      | Gained mutation: Your flesh is almost immune to the effects
                  | of heat. (rF+++) [potion of mutation]
  7081 | D:4      | Killed from afar by Duvessa

Illustrated notes

Levels and vault maps discovered:
D:1:      erik_arrival_orb_chamber, layout_basic
D:2:      layout_loops_ring, serial_shops, shop, ebering_ecumenical_altar_box
D:3:      layout_basic, serial_shops, shop, minmay_misc_feat_secret_circle
D:4:      layout_loops_ring, nicolae_dithmenos_through_a_glass_darkly,
          gammafunk_ghost_arena, uniq_sigmund, uniq_duvessa

Skill      XL: |  1  2  3  4  5 |
---------------+----------------+-----
Spellcasting   | 3 4 |  4.0
Stealth        | 2 |  2.2
Armour         | 1 |  1.7
Dodging        | |  2.3

Action                   |  1- 3 |  4- 6 || total
-------------------------+-------+-------++-------
 Cast: Foxfire           |    68 |    81 ||   149
       Scorch            |     4 |    18 ||    22
       Magic Dart        |       |     5 ||     5
       Inner Flame       |       |     5 ||     5
       Blink             |       |     2 ||     2
  Use: Potion            |       |     5 ||     5
       Scroll            |       |     1 ||     1
Armor: Leather armour    |       |    11 ||    11
Dodge: Dodged            |     3 |    29 ||    32
